 Dungeon Crawl Stone Soup version 0.27.1-1-g398f81649c (webtiles) character file.

Game seed: 17216565371806322887

123 Descartes the Shooter (level 4, -3/25 HPs)
             Began as a Deep Elf Wanderer on Sept 5, 2021.
             Slain by a black bear (4 damage)
             ... on level 4 of the Dungeon.
             The game lasted 00:06:17 (3217 turns).

Descartes the Shooter (Deep Elf Wanderer)           Turns: 3217, Time: 00:06:18

Health: -3/25      AC: 11    Str: 10    XL:     4   Next: 80%
Magic:  9/9        EV:  9    Int: 18    God:
Gold:   166        SH:  0    Dex: 13    Spells: 7/7 levels left

rFire    . . .     SeeInvis .   b - +1 dagger (elec)
rCold    . . .     Faith    .   (no shield)
rNeg     + . .     Spirit   .   y - +2 scale mail
rPois    .         Reflect  .   o - +0 helmet
rElec    .         Harm     .   f - +0 cloak
rCorr    .         Rampage  .   (no gloves)
Will     +....                  A - +0 pair of boots
Stlth    +.........             (no amulet)
HPRegen  0.08/turn              k - ring of willpower
MPRegen  0.11/turn              q - ring of positive energy

@: no status effects
A: no striking features
a: no special abilities


You were on level 4 of the Dungeon.
You visited 1 branch of the dungeon, and saw 4 of its levels.

You collected 166 gold pieces.

Inventory:

Hand Weapons
 a - a +0 shortbow
 b - a +1 dagger of electrocution (weapon)
 B - a +1 dagger of holy wrath
Missiles
 c - 26 arrows
 j - 56 stones (quivered)
 t - 24 bolts
 z - 6 poisoned darts
 C - 14 sling bullets
Armour
 f - a +0 cloak (worn)
 o - a +0 helmet (worn)
 u - a +2 hat
 y - a +2 scale mail (worn)
 A - a +0 pair of boots (worn)
Magical Staves
 r - a staff of earth
Jewellery
 k - a ring of willpower (left hand)
 q - a ring of positive energy (right hand)
Scrolls
 d - 3 scrolls of teleportation
 e - a scroll of enchant armour {unknown}
 g - 3 scrolls of identify {unknown}
 h - 3 scrolls of torment {unknown}
 n - a scroll of amnesia {unknown}
 s - a scroll of summoning {unknown}
 v - a scroll of vulnerability {unknown}
 x - a scroll of blinking {unknown}
Potions
 i - a potion of curing {unknown}
 l - 2 potions of haste {unknown}
 m - a potion of resistance {unknown}
 p - 2 potions of magic {unknown}
 w - a potion of berserk rage {unknown}


   Skills:
 - Level 1.5 Fighting
 - Level 2.0 Staves
 - Level 5.0 Bows
 - Level 1.0 Armour
 + Level 2.7 Dodging
 + Level 3.4 Stealth
 - Level 1.0 Shields
 + Level 2.3 Spellcasting


You had 7 spell levels left.
You didn't know any spells.
Your spell library was empty.

Dungeon Overview and Level Annotations

Branches:
Dungeon (4/15)
 Temple: D:4-7

Altars:


Message History

You hit the black bear.
The black bear is moderately wounded.
The black bear bites you but does no damage.
The black bear claws you. x2
You hit the black bear.
The black bear is heavily wounded.
The black bear bites you but does no damage.
The black bear claws you but does no damage.
The black bear claws you.
You hit the black bear.
The black bear is heavily wounded.
The black bear bites you but does no damage.
The black bear closely misses you. The black bear barely misses you.
You hit the black bear.
The black bear is severely wounded.
The black bear barely misses you. The black bear closely misses you.
The black bear claws you but does no damage.
You barely miss the black bear.
The black bear is severely wounded.
The black bear bites you.
The black bear claws you but does no damage. x2
You hit the black bear.
The black bear is almost dead.
The black bear barely misses you. x2
The black bear claws you but does no damage.
You barely miss the black bear.
The black bear is almost dead.
The black bear bites you. The black bear claws you.
The black bear closely misses you.
You closely miss the black bear.
The black bear is almost dead.
The black bear goes berserk!
You barely miss the black bear.
The black bear is almost dead.
The black bear bites you but does no damage.
The black bear barely misses you. The black bear closely misses you.
The black bear bites you!
* * * LOW HITPOINT WARNING * * *
The black bear claws you.
You die...

.#####.###.# #
#..........#.##.# #
#.######........# #
#(#......#.#.#### #
#.#.##.#.#.#.# #
#.#.#..#.#.#.# #
#(#....#.#.#.# #
#h####.#.#.#.# #
#.@....#.#.#.# #
##########.#.#.# #
#........#...#.# #
#.######.#####.# #
#.# #.........# #
#.###################
#.......[............
#####################
#


You could see a black bear (berserk).

Vanquished Creatures
  An iguana (D:4)
  3 adders (D:3)
  A worm (D:2)
  2 dart slugs
  2 orcs
  7 ball pythons
  6 endoplasms
  3 giant cockroaches
  7 goblins
  5 hobgoblins
  4 jackals (D:2)
  5 kobolds
  A quokka (D:1)
  6 bats
  2 frilled lizards
  A quokka skeleton (D:4)
  4 rats
60 creatures vanquished.

Notes
Turn   | Place    | Note
-------+----------+-------------------------------------------
     0 | D:1      | Descartes the Deep Elf Wanderer began the quest for the
                  | Orb.
     0 | D:1      | Descartes set off with the following items: a +0 shortbow,
                  | a +2 scale mail, 25 arrows, a scroll of teleportation
     0 | D:1      | Reached XP level 1. HP: 12/12 MP: 3/3
    87 | D:1      | Reached XP level 2. HP: 15/16 MP: 4/4
   206 | D:1      | Reached skill level 5 in Bows
   350 | D:1      | Found a faded altar of an unknown god.
   400 | D:1      | Reached skill level 1 in Dodging
   802 | D:2      | Reached XP level 3. HP: 19/20 MP: 5/5
  1863 | D:3      | Reached skill level 1 in Spellcasting
  2109 | D:3      | Reached XP level 4. HP: 25/25 MP: 6/8
  3202 | D:4      | Noticed a black bear
  3217 | D:4      | HP: 1/25 [black bear (8)]
  3217 | D:4      | Slain by a black bear

Illustrated notes

Levels and vault maps discovered:
D:1:      dpeg_arrival_long_road, layout_basic,
          hellmonk_ecumenical_altar_crossroads
D:2:      layout_basic
D:3:      layout_loops_corners
D:4:      layout_basic, gammafunk_ghost_necromancy

Skill      XL: |  1  2  3  4 |
---------------+-------------+-----
Bows           | 5 |  5.0
Dodging        | 1 2 |  2.7
Stealth        | 2 3 |  3.4
Spellcasting   | 1 2 |  2.3
Fighting       | |  1.5
Staves         | |  2.0
Armour         | |  1.0
Shields        | |  1.0

Action                   |  1- 3 |  4- 6 || total
-------------------------+-------+-------++-------
Melee: Dagger            |       |    30 ||    30
 Fire: Shortbow          |   166 |    55 ||   221
Armor: Scale mail        |    48 |    28 ||    76
Dodge: Dodged            |    23 |    28 ||    51
